 Dungeon Crawl Stone Soup version 0.27-a0-1374-gc14e5d3922 (webtiles) character file.

Game seed: 15480455669862109859

157 Lentor the Chopper (level 5, -3/47 HPs)
             Began as a Minotaur Berserker on June 29, 2021.
             Was a Believer of Trog.
             Slain by a scorpion (6 damage)
             ... on level 3 of the Dungeon.
             The game lasted 00:04:30 (3227 turns).

Lentor the Chopper (Minotaur Berserker)             Turns: 3227, Time: 00:04:31

Health: -3/47      AC:  5    Str: 22    XL:     5   Next: 15%
Magic:  4/4        EV:  7    Int:  4    God:    Trog [**....]
Gold:   179        SH: 15    Dex: 10    Spells: 4/4 levels left

rFire    . . .     SeeInvis .   a - +0 hand axe
rCold    . . .     Faith    .   i - +2 tower shield
rNeg     . . .     Spirit   .   l - +0 ring mail
rPois    .         Reflect  .   (helmet restricted)
rElec    .         Harm     .   (no cloak)
rCorr    .         Rampage  .   (no gloves)
Will     .....                  (no boots)
Stlth    +.........             (no amulet)
HPRegen  0.15/turn              (no ring)
MPRegen  0.09/turn              (no ring)

@: no status effects
A: horns 2, retaliatory headbutt
a: Renounce Religion, Berserk, Trog's Hand


You were on level 3 of the Dungeon.
You worshipped Trog.
Trog was pleased with you.
You visited 1 branch of the dungeon, and saw 4 of its levels.

You collected 179 gold pieces.

Inventory:

Hand Weapons
 a - a +0 hand axe (weapon)
Missiles
 j - 38 stones
 o - 31 poisoned darts
Armour
 i - a +2 tower shield (worn)
 l - a +0 ring mail (worn)
Jewellery
 p - a ring of fire
Scrolls
 b - a scroll of blinking {unknown}
 c - 4 scrolls of identify {unknown}
 f - 2 scrolls of teleportation {unknown}
 g - 3 scrolls of enchant weapon {unknown}
 h - 3 scrolls of magic mapping {unknown}
 n - a scroll of fog {unknown}
 q - a scroll of fear {unknown}
Potions
 d - a potion of heal wounds {unknown}
 e - a potion of resistance {unknown}
 k - a potion of might {unknown}
 m - a potion of flight {unknown}


   Skills:
 + Level 4.6 Fighting
 + Level 5.1 Axes
 + Level 3.3 Armour
 + Level 2.8 Dodging
 + Level 0.2 Stealth
 + Level 2.0 Shields


You had 4 spell levels left.
You didn't know any spells.
Your spell library contained the following spells:

 Spells                   Type           Power      Damage    Failure   Level
 Confusing Touch          Hex            0%         N/A       100%        3
 Gell's Gravitas          Tloc           0%         N/A       100%        3
 Petrify                  Tmut/Erth      0%         N/A       100%        4
 Metabolic Englaciation   Hex/Ice        0%         N/A       100%        5
 Yara's Violent Unravell  Hex/Tmut       0%         3d3       100%        5


Dungeon Overview and Level Annotations

Branches:
Dungeon (4/15)
 Temple: D:4-7

Altars:

Annotations:
D:4 Edmund


Innate Abilities, Weirdness & Mutations

You have a pair of horns on your head.
You reflexively headbutt those who attack you in melee.


Message History

Trog accepts your kill.
Your shield and ring mail prevent you from hitting the scorpion.
You hit the orc but do no damage. You closely miss the orc.
You feel less confused. You block the scorpion's attack.
The orc hits you but does no damage. You block the orc's attack.
The scorpion stings you but does no damage.
You block the orc's attack. You block the scorpion's attack.
You block the orc's attack. You block the endoplasm's attack.
Edmund clears his throat.
You block the orc's attack. You block the orc's attack.
The scorpion barely misses you.
Edmund says, "Everyone always remembers my brother. 'Who's Edmund?' they ask!"
You block the scorpion's attack.
The endoplasm jiggles.
The scorpion stings you.
* * * LOW HITPOINT WARNING * * *
There is a stone staircase leading up here.
The scorpion stings you.
* * * LOW HITPOINT WARNING * * *
The endoplasm hits you.
* * * LOW HITPOINT WARNING * * *
You climb upwards.
Reactivating autopickup.
There is a stone staircase leading down here.
You block the scorpion's attack.
You slash the scorpion! Your headbutt misses the scorpion.
The scorpion is almost dead.
You block the scorpion's attack. x2
You closely miss the scorpion.
The scorpion is almost dead.
You block the scorpion's attack. The scorpion stings you!
* * * LOW HITPOINT WARNING * * *
You hit the scorpion but do no damage.
The scorpion is almost dead.
The scorpion stings you but does no damage.
The scorpion stings you.
You die...

### ### ### ### #.# #.# #.#
#.# #.# #.#####.# #.#
######.###.......# #####.##
#............###.###......#
#.####.###.#.............##
#....................###.#
####.#.##+###.#@........###.#
##..........##.#s###.#.......#
................J>.......#####
##.##.#..................#
#.##.#.##+###.#..##.....#
#.##.#.##.# #.#..##.....#
##.##.#.##.###.#..##.....#
.........................#
##.##.#.<................###


You could see a scorpion and an endoplasm.

Vanquished Creatures
  A water moccasin skeleton (D:4)
  A hound (D:4)
  An adder (D:3)
  A worm (D:4)
  A dart slug (D:3)
  3 orcs
  4 ball pythons
  4 endoplasms
  5 giant cockroaches
  5 goblins
  7 hobgoblins
  3 jackals (D:2)
  A quokka (D:2)
  5 bats
  5 frilled lizards
  5 kobolds
  7 rats
59 creatures vanquished.

Notes
Turn   | Place    | Note
-------+----------+-------------------------------------------
     0 | D:1      | Lentor the Minotaur Berserker began the quest for the Orb.
     0 | D:1      | Reached XP level 1. HP: 19/19 MP: 0/0
   100 | D:1      | Reached skill level 4 in Axes
   100 | D:1      | Reached XP level 2. HP: 26/27 MP: 1/1
   237 | D:1      | Reached ** piety under Trog
   686 | D:2      | Reached XP level 3. HP: 14/34 MP: 2/2
  2035 | D:3      | Found a faded altar of an unknown god.
  2314 | D:3      | Reached XP level 4. HP: 38/41 MP: 3/3
  2894 | D:4      | Reached skill level 1 in Shields
  3036 | D:4      | Reached skill level 5 in Axes
  3036 | D:4      | Reached XP level 5. HP: 40/47 MP: 4/4
  3198 | D:4      | Noticed Edmund
  3227 | D:3      | Slain by a scorpion

Illustrated notes

Levels and vault maps discovered:
D:1:      lightli_arrival_chessboard, layout_rooms, minmay_stone_trees_medium
D:2:      layout_loops_cross
D:3:      layout_basic, basic_ecumenical_altar, portal_sewer_entry_e
D:4:      layout_layer_cave, uniq_edmund

Skill      XL: |  1  2  3  4  5 |
---------------+----------------+-----
Axes           | 4 5 |  5.1
Fighting       | 4 |  4.6
Armour         | 3 |  3.3
Shields        | 1 2 |  2.0
Dodging        | |  2.8
Stealth        | |  0.2

Action                   |  1- 3 |  4- 6 || total
-------------------------+-------+-------++-------
Melee: Hand axe          |   106 |    49 ||   155
       Headbutt          |     6 |    10 ||    16
Armor: Animal skin       |     9 |       ||     9
       Ring mail         |    12 |    11 ||    23
Dodge: Dodged            |    31 |    11 ||    42
Block: Tower shield      |    56 |    56 ||   112

Table legend: (Time is in decaauts)
 A = Elapsed time spent in this place.
 B = Non-inter-level travel time spent in this place.
 C = Inter-level travel time spent in this place.
 D = Time resting spent in this place.
 E = Time spent auto-exploring this place.
 F = Levels seen in this place.
 G = Mean time per level.
                   A        B        C        D        E       F      G
               +--------+--------+--------+--------+--------+-----+--------+
         Total |   3299 |   3207 |     92 |    253 |   2473 |   4 |  824.8 |
       Dungeon |   3299 |   3207 |     92 |    253 |   2473 |   4 |  824.8 |
               +--------+--------+--------+--------+--------+-----+--------+

Top non-repeatable levels by time:
     D:2: 1242 daAuts
     D:3: 1071 daAuts
     D:1: 541 daAuts
     D:4: 444 daAuts
